 Dungeon Crawl Stone Soup version 0.28.0-43-g3370ac3207 (webtiles) character file.

Game seed: 12432065553177928917

615 choreboyy the Skirmisher (level 7, -4/46 HPs)
             Began as a Gargoyle Gladiator on Mar 12, 2022.
             Was a Follower of Okawaru.
             Killed by divine providence
             ... invoked by an orc priest
              (10 damage)
             ... on level 5 of the Dungeon on Mar 13, 2022.
             The game lasted 00:13:56 (5153 turns).

choreboyy the Skirmisher (Gargoyle Gladiator)       Turns: 5153, Time: 00:13:56

Health: -4/46      AC: 10    Str: 17    XL:     7   Next: 45%
Magic:  7/7        EV: 28    Int:  9    God:    Okawaru [*.....]
Gold:   115        SH:  0    Dex: 13    Spells: 6/6 levels left

rFire   . . .      SeeInvis .   u - +7 trident (venom)
rCold   . . .      Faith    .   (no shield)
rNeg    + . .      Spirit   .   b - +0 leather armour
rPois   ∞          Reflect  .   c - +0 helmet
rElec   +          Harm     .   (no cloak)
rCorr   .          Rampage  .   t - +0 pair of gloves
Will    .....                   (no boots)
Stlth   +.........              k - amulet of the acrobat
HPRegen 0.15/turn               (no ring)
MPRegen 0.10/turn               (no ring)

@: acrobatic
A: sickness immunity, AC +4, negative energy resistance 1, electricity
resistance, torment resistance 1, petrification resistance
a: Renounce Religion, Heroism


You were on level 5 of the Dungeon.
You worshipped Okawaru.
Okawaru was aware of your devotion.
You visited 2 branches of the dungeon, and saw 6 of its levels.

You collected 115 gold pieces.

Inventory:

Hand Weapons
 a - a +0 quarterstaff
 j - a +1 dagger of venom
 u - a +7 trident of venom (weapon)
Missiles
 d - 3 throwing nets (quivered)
Armour
 b - a +0 leather armour (worn)
 c - a +0 helmet (worn)
 t - a +0 pair of gloves (worn)
 w - +0 gold dragon scales
Jewellery
 f - a ring of wizardry
 k - an amulet of the acrobat (around neck)
 q - an amulet of reflection
Scrolls
 e - 4 scrolls of identify {unknown}
 g - a scroll of brand weapon {unknown}
 l - a scroll of noise {unknown}
 m - 4 scrolls of teleportation {unknown}
 o - a scroll of enchant armour {unknown}
 s - a scroll of immolation {unknown}
 x - 3 scrolls of amnesia {unknown}
 y - a scroll of vulnerability {unknown}
Potions
 h - a potion of haste {unknown}
 i - a potion of curing
 n - a potion of magic {unknown}
 p - a potion of attraction {unknown}
 r - a potion of heal wounds {unknown}
 v - a potion of degeneration {unknown}


   Skills:
 + Level 6.0 Fighting
 + Level 1.0(2.0) Polearms
 - Level 3.0(3.1) Staves
 - Level 2.7 Throwing
 + Level 1.2 Armour
 - Level 4.7 Dodging


You had 6 spell levels left.
You didn't know any spells.
Your spell library was empty.

Dungeon Overview and Level Annotations

Branches:
Dungeon (5/15)             Temple (1/1) D:4

Altars:
Ashenzari
Cheibriados
Fedhas
Kikubaaqudgha
Nemelex Xobeh
Okawaru
Qazlal
Ru
Sif Muna
Xom


Innate Abilities, Weirdness & Mutations

You are immune to sickness and miasma.
Your stone body is resilient. (AC +4)
You are immune to poison.
You resist negative energy. (rN+)
You are resistant to electric shocks. (rElec)
You are resistant to unholy torment.
You are immune to petrification.


Message History

The water moccasin skeleton bites you but does no damage.
The orc moves out of view.
You barely miss the orc.
The orc is heavily wounded.
A gnoll comes into view. It is wielding a +0 club.
The orc hits you with a +0 short sword.
The water moccasin skeleton bites you but does no damage.
The orc misses you.
You puncture the orc!
You kill the orc!
Okawaru accepts your kill.
The water moccasin skeleton bites you but does no damage.
The orc shouts!
You hit the water moccasin skeleton.
You destroy the water moccasin skeleton!
Okawaru accepts your kill.
You can now gain great but temporary skills.
You hear a shout!
Your Fighting skill increases to level 6!
Your base Polearms skill increases to level 1!
Your Armour skill increases to level 1!
An orc comes into view. It is wielding a +0 hand axe.
An orc wizard comes into view. It is wielding a +0 dagger.
You barely miss the orc.
An acid dragon comes into view.
The orc barely misses you.
You barely miss the orc. The orc misses you.
You puncture the orc!
You kill the orc!
Okawaru accepts your kill. The acid dragon spits acid at you.
The splash of acid hits you!!!
Ouch! That really hurt!
* * * LOW HITPOINT WARNING * * *
An orc priest comes into view. It is wielding a +0 mace.
You hear a shout! x5
The orc priest shouts!
The orc priest invokes the aid of Beogh against you.
Beogh smites you!
You die...

#..>... #....#
# . #....###..
##. #.........
#.. )......#
#.# #)..##.#
#.# .# #.<.#
## #.# .#
#...# . #.#
..# #...# #.
#@# ..##.
#####
#.###g###.....
#...#)#....#
#[#oD..#
#.o....#
##.).###
#.....#
##o##..... ..#
##.##


You could see an acid dragon, an orc priest, an orc wizard, a gnoll and an orc.

Vanquished Creatures
  A black bear (D:5)
  A centaur (D:3)
  A water moccasin skeleton (D:5)
  A hound (D:5)
  A centaur skeleton (D:4)
  Natasha (thrice) (D:3)
  2 iguanas
  Robin (D:4)
  8 adders
  A river rat (D:4)
  An ufetubus (D:4)
  3 worms
  3 dart slugs
  8 orcs
  9 endoplasms
  7 giant cockroaches
  13 hobgoblins
  3 jackals (D:1)
  8 kobolds
  A quokka (D:2)
  4 ball pythons
  6 bats
  2 frilled lizards
  12 goblins
  8 rats
108 creatures vanquished.

Notes
Turn   | Place    | Note
-------+----------+-------------------------------------------
     0 | D:1      | choreboyy the Gargoyle Gladiator began the quest for the
                  | Orb.
     0 | D:1      | Reached XP level 1. HP: 12/12 MP: 1/1
    34 | D:1      | Reached XP level 2. HP: 17/18 MP: 2/2
   321 | D:1      | Reached XP level 3. HP: 15/22 MP: 3/3
   680 | D:1      | Found a faded altar of an unknown god.
   944 | D:2      | Reached skill level 3 in Fighting
  1297 | D:2      | Reached XP level 4. HP: 28/28 MP: 4/4
  2381 | D:3      | Noticed Natasha
  2390 | D:3      | Killed Natasha
  2391 | D:3      | Reached XP level 5. HP: 27/33 MP: 5/5
  2729 | D:3      | Noticed a centaur
  2738 | D:3      | Killed a centaur
  2739 | D:3      | Reached skill level 4 in Fighting
  2748 | D:3      | Reached XP level 6. HP: 28/39 MP: 6/6
  2854 | D:3      | Noticed Natasha
  2871 | D:3      | Killed Natasha
  2930 | D:3      | Noticed Natasha
  2940 | D:3      | Killed Natasha
  3562 | D:4      | Found a staircase to the Ecumenical Temple.
  3579 | Temple   | Entered the Ecumenical Temple
  3656 | Temple   | Became a worshipper of Warmaster Okawaru
  3828 | D:4      | Noticed Robin
  3861 | D:4      | Reached skill level 5 in Fighting
  3876 | D:5      | Entered Level 5 of the Dungeon
  3989 | D:5      | Noticed a black bear
  4004 | D:5      | Killed a black bear
  4005 | D:5      | Reached XP level 7. HP: 16/44 MP: 7/7
  4312 | D:4      | Killed Robin
  5133 | D:5      | Identified the +0 pair of gloves "Zecsekh" {Harm Regen+}
  5144 | D:5      | Reached * piety under Okawaru
  5145 | D:5      | Reached skill level 6 in Fighting
  5145 | D:5      | Reached skill level 1 in Polearms
  5145 | D:5      | Reached skill level 1 in Armour
  5153 | D:5      | Killed from afar by an orc priest

Illustrated notes

Levels and vault maps discovered:
D:1:      minmay_arrival_arboretum_small, layout_rooms,
          shapermc_ecumenical_altar_hornbeckon, minmay_splitting_lines
D:2:      minmay_door_path, layout_loops_ring
D:3:      layout_loops_cross, uniq_natasha
D:4:      layout_cave_pools, temple_pool_b, portal_sewer_entry_e,
          minmay_misc_feat_rugged, uniq_robin
D:5:      layout_rooms
Temple:   hc_temple_tempest_star

Skill      XL: |  1  2  3  4  5  6  7 |
---------------+----------------------+-----
Throwing       | 2 |  2.7
Fighting       | 3 4 5 6 |  6.0
Dodging        | 3 4 |  4.7
Polearms       | 1 |  1.0
Armour         | 1 |  1.2
Staves         | |  3.0

Action                   |  1- 3 |  4- 6 |  7- 9 || total
-------------------------+-------+-------+-------++-------
Melee: Quarterstaff      |    67 |       |       ||    67
       Dagger            |    34 |   201 |    19 ||   254
       Punch             |       |     4 |     1 ||     5
       Trident           |       |       |    41 ||    41
  Use: Potion            |       |     2 |       ||     2
 Stab: Sleeping          |       |     4 |       ||     4
Armor: Leather armour    |    47 |    89 |    33 ||   169
Dodge: Dodged            |    65 |   198 |    67 ||   330
